 Dungeon Crawl Stone Soup version 0.21.1-1-g345015f (webtiles) character file.

470 Hasart the Firebug (level 7, -8/41 HPs)
             Began as an Octopode Fire Elementalist on Apr 4, 2018.
             Mangled by Menkaure (24 damage)
             ... on level 4 of the Dungeon.
             The game lasted 00:10:16 (3141 turns).

Hasart the Firebug (Octopode Fire Elementalist)     Turns: 3141, Time: 00:10:17

Health: -8/41      AC:  1    Str:  7    XL:     7   Next: 9%
Magic:  4/12       EV: 13    Int: 24    God:
Gold:   234        SH:  3    Dex: 13    Spells: 8/13 levels left

rFire    . . .     SeeInvis .   x - +0 dagger (venom)
rCold    . . .     Gourm    .   (no shield)
rNeg     . . .     Faith    .   (helmet restricted)
rPois    .         Spirit   .   t - +3 amulet of reflection
rElec    .         Reflect  +   i - +5 ring of intelligence
rCorr    .         Harm     .   v - ring of protection from magic
MR       +....                  (no ring)
Stlth    +++.......             (no ring)
HPRegen  0.13/turn              (no ring)
MPRegen  0.13/turn              (no ring)
                                (no ring)
                                (no ring)

@: very slightly contaminated
A: almost no armour, stealthy swim, amphibious, 8 rings, constrict 8, camouflage
1, gelatinous body 1
a: no special abilities


You were on level 4 of the Dungeon.
You were full.

You visited 1 branch of the dungeon, and saw 4 of its levels.

You collected 234 gold pieces.

Inventory:

Hand Weapons
 x - a +0 dagger of venom (weapon)
Jewellery
 g - an uncursed amulet of the gourmand
 i - a +5 ring of intelligence (left tentacle)
 t - a +3 amulet of reflection (around mantle)
 v - a ring of protection from magic (right tentacle)
Scrolls
 d - 2 scrolls of enchant armour {unknown}
 h - a scroll of magic mapping {unknown}
 j - 4 scrolls of teleportation {unknown}
 k - 3 scrolls of identify {unknown}
 n - a scroll of random uselessness {unknown}
 r - 2 scrolls of blinking {unknown}
 s - 2 scrolls of remove curse {unknown}
Potions
 e - 2 potions of might {unknown}
 f - a potion of haste {unknown}
 l - 2 potions of lignification {unknown}
 m - a potion of resistance {unknown}
 o - 2 potions of invisibility {unknown}
 p - a potion of brilliance {unknown}
 q - 3 potions of curing {unknown}
 u - a potion of berserk rage {unknown}
 w - 2 potions of heal wounds {unknown}
Books
 a - a book of Flames

   Spells                             Type                      Level
   a - Flame Tongue                   Conjuration/Fire             1
   b - Throw Flame                    Conjuration/Fire             2
   c - Conjure Flame                  Conjuration/Fire             3
   d - Inner Flame                    Hexes/Fire                   3
   e - Sticky Flame                   Conjuration/Fire             4
   f - Fireball                       Conjuration/Fire             5
Comestibles
 b - 10 rations
 c - 5 chunks of flesh


   Skills:
 - Level 2.0 Dodging
 - Level 2.6 Stealth
 + Level 3.7 Spellcasting
 + Level 3.5 Conjurations
 * Level 5.9 Fire Magic


You had 8 spell levels left.
You knew the following spells:

 Your Spells              Type           Power        Failure   Level  Hunger
a - Flame Tongue          Conj/Fire      ####.        1%          1    None
b - Sticky Flame          Conj/Fire      ####....     14%         4    ####...


Dungeon Overview and Level Annotations

Branches:
Dungeon (4/15)
 Temple: D:4-7

Altars:
Elyvilon
Fedhas
Vehumet
Xom
Yredelemnul
Zin
The Shining One

Annotations:
D:3 tidbits's ghost, weakling GnIE
D:4 2 transporters, Menkaure


Innate Abilities, Weirdness & Mutations

You cannot wear most types of armour.
You are very stealthy in the water. (Stealth+)
You are amphibious.
You can wear up to eight rings at the same time.
You can use your tentacles to constrict eight enemies at once.
Your skin changes colour to match your surroundings (Stealth+).
Your rubbery body absorbs attacks. (AC +1, EV +1)


Message History

Menkaure seems to speed up.
Casting: Flame Tongue
Confirm with . or Enter, or press ? or * to list all spells.
Aiming: Sticky Flame
Press: ? - help, Shift-Dir - straight line, f - Menkaure
Aim: Menkaure (fast)
You miscast Sticky Flame.
You are very lightly contaminated with residual magic.
Nothing appears to happen.
Menkaure hits you!!
Ouch! That really hurt!
Casting: Sticky Flame
Confirm with . or Enter, or press ? or * to list all spells.
Aiming: Sticky Flame
Press: ? - help, Shift-Dir - straight line, f/p - Menkaure
Aim: Menkaure (fast)
The sticky flame hits Menkaure.
Menkaure is burned terribly!
Menkaure is moderately damaged.
Menkaure is covered in liquid flames!
Menkaure burns!
Menkaure hits you!!
Ouch! That really hurt!
You die...

.### ####.#.####.##
###### ...# #.#.# #.#
.#.### #.#.# #.########
##...####.#.####.........
####...........#.########
# #.)....<......#
.###.####.#.##.###
.....####.#.##.#####
............##..@M.#
..........########.#
########### .. ##


You could see Menkaure (burning).

Vanquished Creatures
  Eustachio (D:4)
  A scorpion (D:4)
  A howler monkey (D:4)
  A bullfrog skeleton (D:4)
  A hound (D:4)
  An orc wizard (D:4)
  A hound skeleton (D:4)
  5 adders
  A shadow imp (D:2)
  3 oozes
  2 worms (D:2)
  3 dart slugs (D:1)
  A leopard gecko (D:1)
  3 orcs (D:4)
  A ball python (D:4)
  3 giant cockroaches
  8 goblins
  4 hobgoblins
  3 jackals (D:1)
  5 kobolds
  2 quokkas
  13 bats
  6 frilled lizards
  6 rats
76 creatures vanquished.

Notes
Turn   | Place    | Note
-------+----------+-------------------------------------------
     0 | D:1      | Hasart the Octopode Fire Elementalist began the quest for the Orb.
     0 | D:1      | Reached XP level 1. HP: 11/11 MP: 3/3
     2 | D:1      | Noticed an elf
     2 | D:1      | Noticed a tengu
     4 | D:1      | Noticed a vampire
     6 | D:1      | Noticed an ogre
     6 | D:1      | Noticed a dwarf
     8 | D:1      | Noticed a draconian
     8 | D:1      | Noticed an octopode
    10 | D:1      | Noticed a naga
    12 | D:1      | Noticed a spriggan
    12 | D:1      | Noticed a troll
    14 | D:1      | Noticed a ghoul
    14 | D:1      | Noticed a demonspawn
    16 | D:1      | Noticed a formicid
    16 | D:1      | Noticed a human
    18 | D:1      | Noticed a merfolk
    18 | D:1      | Noticed a demigod
    20 | D:1      | Noticed a halfling
    22 | D:1      | Noticed a vine stalker
    22 | D:1      | Noticed a centaur
    24 | D:1      | Noticed a felid
    24 | D:1      | Noticed a minotaur
    26 | D:1      | Noticed a gargoyle
   116 | D:1      | Reached XP level 2. HP: 17/17 MP: 0/5
   377 | D:1      | Reached XP level 3. HP: 21/21 MP: 1/6
  1038 | D:1      | Reached skill level 4 in Fire Magic
  1207 | D:2      | Reached XP level 4. HP: 25/27 MP: 0/7
  1213 | D:2      | Learned a level 4 spell: Sticky Flame
  1934 | D:2      | Reached XP level 5. HP: 31/31 MP: 4/9
  2313 | D:3      | Noticed tidbits's ghost (weakling GnIE)
  2337 | D:4      | Noticed Eustachio
  2417 | D:4      | Killed Eustachio
  2417 | D:4      | Reached skill level 5 in Fire Magic
  2417 | D:4      | Reached XP level 6. HP: 22/36 MP: 0/11
  2751 | D:4      | Found a blossoming altar of Fedhas.
  2751 | D:4      | Found a basalt altar of Yredelemnul.
  2751 | D:4      | Found a shimmering altar of Xom.
  2755 | D:4      | Noticed an orc warrior
  2766 | D:4      | Found a transporter.
  2774 | D:4      | Found a transporter.
  2815 | D:4      | Found a radiant altar of Vehumet.
  2984 | D:4      | Found a glowing golden altar of the Shining One.
  2989 | D:4      | Reached XP level 7. HP: 41/41 MP: 7/12
  3015 | D:4      | Found a glowing silver altar of Zin.
  3070 | D:4      | Found a white marble altar of Elyvilon.
  3137 | D:4      | Noticed Menkaure
  3141 | D:4      | Mangled by Menkaure

Skill      XL: |  1  2  3  4  5 |
---------------+----------------+-----
Fire Magic     | 4 5 |  5.9
Conjurations   | 2 3 |  3.5
Spellcasting   | 3 |  3.7
Dodging        | |  2.0
Stealth        | |  2.6

Action                   |  1- 3 |  4- 6 |  7- 9 || total
-------------------------+-------+-------+-------++-------
Melee: Dagger            |    24 |    42 |     5 ||    71
       Constrict         |     6 |    14 |     1 ||    21
       Tentacles         |     3 |     6 |     1 ||    10
 Cast: Flame Tongue      |    44 |    40 |     5 ||    89
       Sticky Flame      |       |     6 |     2 ||     8
 Stab: Sleeping          |     5 |     3 |     1 ||     9
  Eat: Chunk             |    18 |     4 |       ||    22
Armor: Skin              |     5 |     5 |       ||    10
Dodge: Dodged            |    31 |    60 |     5 ||    96
Block: Other             |       |     2 |       ||     2
